 Dungeon Crawl Stone Soup version 0.29-a0-319-gad05b8d819 (webtiles) character file.

Game seed: 7210315399320810443

44 GigaChad the Grasshopper (level 3, -13/33 HPs)
             Began as a Troll Warper on Apr 2, 2022.
             Was a Follower of Wu Jian.
             Mangled by a gnoll
             ... wielding a +0 halberd
              (15 damage)
             ... on level 3 of the Dungeon.
             The game lasted 00:08:21 (1204 turns).

GigaChad the Grasshopper (Troll Warper)             Turns: 1204, Time: 00:08:22

Health: -13/33     AC:  4    Str: 19    XL:     3   Next: 41%
Magic:  4/4        EV: 10    Int:  9    God:    Wu Jian [*.....]
Gold:   64         SH:  0    Dex: 11    Spells: 5/5 levels left

rFire   . . .      SeeInvis .     - Unarmed
rCold   . . .      Faith    .   (no shield)
rNeg    . . .      Spirit   .   a - +0 robe
rPois   .          Reflect  .   (helmet restricted)
rElec   .          Harm     .   (no cloak)
rCorr   +          Rampage  .   (gloves unavailable)
Will    .....                   (boots unavailable)
Stlth   +.........              e - amulet of magic regeneration
HPRegen 0.91/turn               g - ring of resist corrosion
MPRegen 0.49/turn               (no ring)

@: no status effects
A: large, unfitting armour, claws 3, regeneration 1, shaggy fur 1, tough skin 1
a: Renounce Religion


You were on level 3 of the Dungeon.
You worshipped Wu Jian.
Wu Jian was aware of your devotion.
You visited 1 branch of the dungeon, and saw 3 of its levels.

You collected 64 gold pieces.

Inventory:

Hand Weapons
 f - a +0 spear
 o - a +0 spear
Missiles
 c - 7 boomerangs of dispersal (quivered)
 j - a throwing net
Armour
 a - a +0 robe (worn)
 h - a +0 ring mail
Jewellery
 e - an amulet of magic regeneration (around neck)
 g - a ring of resist corrosion (left claw)
 i - an amulet of the acrobat
Scrolls
 b - a scroll of blinking
 d - a scroll of amnesia
Potions
 l - a potion of haste
 m - a potion of curing
 p - 2 potions of attraction


   Skills:
 + Level 1.6 Fighting
 + Level 0.8 Throwing
 + Level 2.2 Dodging
 + Level 2.2 Unarmed Combat
 + Level 1.6 Spellcasting
 + Level 2.7 Translocations


You had 5 spell levels left.
You didn't know any spells.
Your spell library contained the following spells:

 Spells                   Type           Power      Damage    Failure   Level
 Blink                    Tloc           10%        N/A       17%         2
 Gell's Gravitas          Tloc           5%         N/A       34%         3
 Lesser Beckoning         Tloc           5%         N/A       34%         3
 Teleport Other           Tloc           5%         N/A       34%         3
 Manifold Assault         Tloc           5%         N/A       97%         5


Dungeon Overview and Level Annotations

Branches:
Dungeon (3/15)

Altars:
Wu Jian


Innate Abilities, Weirdness & Mutations

You are too large for most types of armour.
You have claws for hands.
Your natural rate of healing is unusually fast.
You are covered in fur. (AC +1)
You have tough skin. (AC +1)


Message History

You scratch the ball python.
The ball python is moderately wounded.
The ball python closely misses you.
You claw the ball python!
You kill the ball python!
The Council accepts your kill.
The gnoll hits you from afar with a +0 halberd.
The gnoll closely misses you. The gnoll completely misses you.
You see here 8 stones.
The gnoll completely misses you.
You claw the gnoll!
The gnoll is heavily wounded.
The gnoll hits you with a +0 halberd! The gnoll hits you with a +0 club.
The gnoll attacks as you move away! The gnoll closely misses you. x2
You barely miss the gnoll.
The gnoll hits you from afar with a +0 halberd!
* * * LOW HITPOINT WARNING * * *
You spin and attack the gnoll.
You scratch the gnoll but do no damage. The gnoll completely misses you.
You spin and attack the gnoll.
You closely miss the gnoll. The gnoll hits you with a +0 club.
* * * LOW HITPOINT WARNING * * *
Found a dented sapphire amulet.
You see here an amulet of the acrobat.
i - an amulet of the acrobat The gnoll hits you but does no damage.
The gnoll hits you from afar with a +0 halberd!
* * * LOW HITPOINT WARNING * * *
The gnoll barely misses you. The gnoll closely misses you.
You open the door.
The gnoll hits you from afar with a +0 halberd!
There is an open door, spattered with blood here.
The gnoll hits you from afar with a +0 halberd!
* * * LOW HITPOINT WARNING * * *
The gnoll hits you from afar with a +0 halberd!
* * * LOW HITPOINT WARNING * * *
The gnoll hits you from afar with a +0 halberd!
You die...

.#*,*#.#........########....#*,#*
######.##.##....# #....#..#
....##..#.##.#### #.......#
..#.#*#.#.##.# #..#.####*
..#.###..(##.# #..#...,,,
..#..........###########..#####**
....†.##..####g..gg.........#
......'..>####g############.#
......######....@......# *.#
......# #.......###.#***,#
......# #.......#,,,,,,,,*
#######****###+#+###,*,******
,,,,,,,,,,,,,,,*,,,*,*,*
,*****************,*,*,* ,*
**+*+*+*** ,* *,,,,,,,,* ,*
*,,,,,,,,*


You could see a gnoll.

Vanquished Creatures
  A gnoll (D:1)
  An adder (D:2)
  A dart slug (D:3)
  An endoplasm (D:1)
  A giant cockroach (D:2)
  A goblin (D:1)
  2 hobgoblins (D:3)
  A quokka (D:3)
  4 ball pythons
  2 bats
  A frilled lizard (D:1)
  5 kobolds
  6 rats
27 creatures vanquished.

Notes
Turn   | Place    | Note
-------+----------+-------------------------------------------
     0 | D:1      | GigaChad the Troll Warper began the quest for the Orb.
     0 | D:1      | Reached XP level 1. HP: 19/19 MP: 1/1
   111 | D:1      | Reached XP level 2. HP: 6/27 MP: 3/3
   655 | D:2      | Found a faded altar of an unknown god.
   668 | D:2      | Reached XP level 3. HP: 28/33 MP: 4/4
   672 | D:2      | Prayed at the altar of an unknown god.
   672 | D:2      | Became a worshipper of the Wu Jian Council
   672 | D:2      | Reached * piety under Wu Jian
  1159 | D:3      | HP: 1/33 [gnoll/+0 club (4)]
  1203 | D:3      | HP: 1/33 [gnoll/+0 halberd (7)]
  1204 | D:3      | Mangled by a gnoll

Illustrated notes

Levels and vault maps discovered:
D:1:      onia_arrival_handbag, layout_loops_ring
D:2:      layout_basic, basic_altar, hellmonk_ecumenical_altar_crossroads,
          grunt_decor_junction, minmay_curled_crystal
D:3:      layout_basic

Skill      XL: |  1 |
---------------+----+-----
Dodging        | 2 |  2.2
Fighting       | |  1.6
Throwing       | |  0.8
Unarmed Combat | |  2.2
Spellcasting   | |  1.6
Translocations | |  2.7

Action                   || total
-------------------------++-------
Melee: Unarmed           ||    86
Invok: Whirlwind         ||    12
       Lunge             ||     4
  Use: Scroll            ||     7
Armor: Robe              ||    35
Dodge: Dodged            ||    61

Table legend: (Time is in decaauts)
 A = Elapsed time spent in this place.
 B = Non-inter-level travel time spent in this place.
 C = Inter-level travel time spent in this place.
 D = Time resting spent in this place.
 E = Time spent auto-exploring this place.
 F = Levels seen in this place.
 G = Mean time per level.
                   A        B        C        D        E       F      G
               +--------+--------+--------+--------+--------+-----+--------+
         Total |   1200 |   1157 |     43 |      0 |      0 |   3 |  400.0 |
       Dungeon |   1200 |   1157 |     43 |      0 |      0 |   3 |  400.0 |
               +--------+--------+--------+--------+--------+-----+--------+

Top non-repeatable levels by time:
     D:2: 460 daAuts
     D:3: 422 daAuts
     D:1: 317 daAuts
